 Dungeon Crawl Stone Soup version 0.26-a0-926-g43279f1ce9 (webtiles) character file.

Game seed: 2096267603270042464

23 Descartes the Sneak (level 2, -2/15 HPs)
             Began as a Felid Wanderer on Nov 26, 2020.
             Slain by a worm (11 damage)
             ... on level 2 of the Dungeon.
             The game lasted 00:03:16 (1521 turns).

Descartes the Sneak (Felid Wanderer)                Turns: 1521, Time: 00:03:17

Health: -2/15      AC:  1    Str:  7    XL:     2   Next: 75%
Magic:  3/3        EV: 16    Int: 12    God:
Gold:   46         SH:  0    Dex: 17    Spells: 1/1 levels left
                                        Lives:  0   Deaths: 0

rFire    . . .     SeeInvis +     - Unarmed
rCold    . . .     Faith    .   (shield unavailable)
rNeg     . . .     Spirit   .   (armour unavailable)
rPois    .         Reflect  .   (helmet unavailable)
rElec    .         Harm     .   (cloak unavailable)
rCorr    .         Rampage  .   (gloves unavailable)
MR       .....                  (boots unavailable)
Stlth    ++++......             (no amulet)
HPRegen  0.05/turn              (no ring)
MPRegen  0.08/turn              (no ring)

@: quick
A: very small, no armour, no weapons or thrown items, stealth, claws 1, fangs 3,
see invisible, speed 1, shaggy fur 1, sharp paws
a: no special abilities


You were on level 2 of the Dungeon.
You visited 1 branch of the dungeon, and saw 2 of its levels.

You collected 46 gold pieces.

Inventory:

Scrolls
 e - 2 scrolls of identify {unknown}
 f - a scroll of immolation {unknown}
Potions
 a - a potion of heal wounds
 b - a potion of lignification
 c - 2 potions of curing
 d - 2 potions of brilliance {unknown}
 g - a potion of berserk rage {unknown}


   Skills:
 - Level 4.0 Fighting
 + Level 1.4 Dodging
 * Level 6.0 Stealth
 + Level 2.3 Unarmed Combat


You had one spell level left.
You didn't know any spells.
Your spell library was empty.

Dungeon Overview and Level Annotations

Branches:
Dungeon (2/15)

Altars:


Innate Abilities, Weirdness & Mutations

You cannot wear armour.
You are incapable of wielding weapons or throwing items.
Your paws allow you to move quietly. (Stealth)
You have sharp claws.
You have razor-sharp teeth.
You have supernaturally acute eyesight. (SInv)
You cover ground quickly.
You are covered in fur. (AC +1)
Your sharp claws are effective at attacking unaware monsters.


Message History

You scratch the worm.
The worm is moderately wounded.
You scratch the worm but do no damage.
The worm is moderately wounded.
The worm barely misses you.
You scratch the worm. You bite the worm.
The worm is heavily wounded.
You scratch the worm but do no damage.
The worm is heavily wounded.
The worm barely misses you.
You barely miss the worm.
The worm is heavily wounded.
The worm bites you.
You scratch the worm.
The worm is heavily wounded.
You scratch the worm but do no damage. You bite the worm.
The worm is severely wounded.
The worm bites you!
Ouch! That really hurt!
You die...

#..##>.##..#
..#.......# ...S
#.........## #.#. ..
#..........### #....
##...........# ..#
#...........###..##
...#####.##.........
.## #..<#......##
###.w@[##....
###..##.##. #...<..#
#.........#
#.######....# #.
#...... #. .#.... .
.##.#. . .#


You could see a worm.

Vanquished Creatures
  An adder (D:1)
  3 bats (D:1)
  A hobgoblin (D:1)
  2 jackals (D:1)
  A kobold (D:1)
  A frilled lizard (D:1)
  2 goblins (D:1)
  4 rats
15 creatures vanquished.

Notes
Turn   | Place    | Note
-------+----------+-------------------------------------------
     0 | D:1      | Descartes the Felid Wanderer began the quest for the Orb.
     0 | D:1      | Descartes set off with the following items: a potion of
                  | heal wounds, a potion of lignification, a potion of curing
     0 | D:1      | Reached XP level 1. HP: 11/11 MP: 2/2
   578 | D:1      | Reached XP level 2. HP: 8/15 MP: 3/3
   740 | D:1      | Reached skill level 1 in Dodging
  1192 | D:1      | Reached skill level 6 in Stealth
  1521 | D:2      | Slain by a worm

Illustrated notes

Levels and vault maps discovered:
D:1:      kilobyte_arrival_exit_the_forest, layout_rooms
D:2:      layout_rooms

Skill      XL: |  1  2 |
---------------+-------+-----
Dodging        | 1 |  1.4
Stealth        | 6 |  6.0
Fighting       | |  4.0
Unarmed Combat | |  2.3

Action                   || total
-------------------------++-------
Melee: Unarmed           ||    63
       Bite              ||     6
 Stab: Sleeping          ||     2
Armor: Skin              ||    10
Dodge: Dodged            ||    54

Table legend: (Time is in decaauts)
 A = Elapsed time spent in this place.
 B = Non-inter-level travel time spent in this place.
 C = Inter-level travel time spent in this place.
 D = Time resting spent in this place.
 E = Time spent auto-exploring this place.
 F = Levels seen in this place.
 G = Mean time per level.
                   A        B        C        D        E       F      G
               +--------+--------+--------+--------+--------+-----+--------+
         Total |   1405 |   1333 |     72 |    122 |   1076 |   2 |  702.5 |
       Dungeon |   1405 |   1333 |     72 |    122 |   1076 |   2 |  702.5 |
               +--------+--------+--------+--------+--------+-----+--------+

Top non-repeatable levels by time:
     D:1: 1244 daAuts
     D:2: 160 daAuts
